 Dungeon Crawl Stone Soup version 0.29-a0-284-gf9362112df (webtiles) character file.

Game seed: 15004318917478617586

1121 bande the Chopper (level 8, 0/49 HPs)
             Began as a Gargoyle Fighter on Mar 28, 2022.
             Was a Follower of Okawaru.
             Slain by a rust devil (8 damage)
             ... on level 6 of the Dungeon on Mar 29, 2022.
             The game lasted 00:11:12 (5273 turns).

bande the Chopper (Gargoyle Fighter)                Turns: 5273, Time: 00:11:13

Health: 0/49       AC: -16   Str: 20    XL:     8   Next: 34%
Magic:  9/9        EV:  7    Int:  9    God:    Okawaru [*.....]
Gold:   353        SH:  5    Dex: 11    Spells: 7/7 levels left

rFire   + . .      SeeInvis .   a - +1 war axe
rCold   . . .      Faith    .   c - +0 buckler
rNeg    + . .      Spirit   .   t - +0 chain mail
rPois   ∞          Reflect  .   (no helmet)
rElec   +          Harm     .   j - +0 cloak
rCorr   .          Rampage  .   (no gloves)
Will    +....                   g - +1 pair of boots
Stlth   ..........              h - amulet of regeneration
HPRegen 0.96/turn               i - ring of protection from fire
MPRegen 0.11/turn               b - ring of willpower

@: corroded
A: sickness immunity, AC +5, negative energy resistance 1, electricity
resistance, torment resistance 1, petrification resistance
a: Renounce Religion, Heroism


You were on level 6 of the Dungeon.
You worshipped Okawaru.
Okawaru was aware of your devotion.
You visited 1 branch of the dungeon, and saw 6 of its levels.

You collected 353 gold pieces.

Inventory:

Hand Weapons
 a - a +1 war axe (weapon)
 e - a +0 morningstar
 x - a +2 long sword of flaming
Armour
 c - a +0 buckler (worn)
 g - a +1 pair of boots (worn)
 j - a +0 cloak (worn)
 t - a +0 chain mail (worn)
Jewellery
 b - a ring of willpower (right hand)
 h - an amulet of regeneration (around neck)
 i - a ring of protection from fire (left hand)
 m - a ring of resist corrosion
 o - an amulet of faith
 p - an amulet of the acrobat
 v - a ring of see invisible
Wands
 k - a wand of iceblast (8)
 r - a wand of flame (5)
Scrolls
 u - 2 scrolls of teleportation
 w - a scroll of enchant armour
Potions
 d - 2 potions of might
 f - a potion of heal wounds
 l - a potion of magic
 n - 3 potions of curing
 q - a potion of flight
 s - a potion of degeneration {unknown}
 z - a potion of brilliance {unknown}


   Skills:
 + Level 5.1 Fighting
 + Level 5.9 Axes
 + Level 5.4 Armour
 - Level 0.4 Stealth
 + Level 4.9 Shields
 * Level 2.1 Invocations
 * Level 2.1 Evocations


You had 7 spell levels left.
You didn't know any spells.
Your spell library was empty.

Dungeon Overview and Level Annotations

Branches:
Dungeon (6/15)             Temple (0/1) D:4

Altars:
Elyvilon
Kikubaaqudgha
Okawaru
Ru
Vehumet

Shops:
D:1 (   D:2 (


Innate Abilities, Weirdness & Mutations

You are immune to sickness and miasma.
Your stone body is resilient. (AC +5)
You are immune to poison.
You resist negative energy. (rN+)
You are resistant to electric shocks. (rElec)
You are resistant to unholy torment.
You are immune to petrification.


Message History

The rust devil hits you. The rust devil corrodes you!
The orc warrior hits you but does no damage.
You climb downwards.
There is a stone staircase leading up here.
You barely miss the rust devil. The rust devil hits you.
The rust devil corrodes you!
You hit the rust devil but do no damage.
The rust devil hits you. The rust devil corrodes you! The rust devil hits you.
The rust devil corrodes you!
You hit the rust devil but do no damage.
The rust devil hits you! The rust devil corrodes you!
You hit the rust devil but do no damage.
The rust devil hits you. The rust devil corrodes you!
You hit the rust devil but do no damage.
The rust devil hits you. The rust devil corrodes you!
You barely miss the rust devil. The rust devil hits you.
The rust devil corrodes you!
You hit the rust devil but do no damage.
The rust devil hits you. The rust devil corrodes you!
You block the rust devil's attack.
You hit the rust devil but do no damage.
The rust devil hits you. The rust devil corrodes you!
You hit the rust devil but do no damage.
The rust devil hits you! The rust devil corrodes you!
You hit the rust devil but do no damage.
The rust devil hits you. The rust devil corrodes you!
You hit the rust devil but do no damage.
The rust devil hits you. The rust devil corrodes you! The rust devil hits you!
* * * LOW HITPOINT WARNING * * *
The rust devil corrodes you!
You barely miss the rust devil. The rust devil closely misses you.
You hit the rust devil but do no damage.
You block the rust devil's attack.
You hit the rust devil but do no damage.
The rust devil hits you!
* * * LOW HITPOINT WARNING * * *
The rust devil corrodes you!
You hit the rust devil but do no damage.
The rust devil hits you!
You die...

###########
..........#
.........(#
..........#
..........+
.........4##
#######'#@.+ #.#.##
#.#.. #.#### # #...#
#.###.################
#.....................
#>....................
#.#.#..###############


You could see a rust devil.

Vanquished Creatures
  A steam dragon (D:5)
  A water moccasin (D:3)
  An ice beast (D:5)
  An ogre (D:5)
  A centaur (D:5)
  2 phantoms
  Blork the orc (D:6)
  2 scorpions
  A hound (D:4)
  An iguana (D:4)
  Natasha (thrice) (D:3)
  8 adders
  An ufetubus (D:6)
  A dart slug (D:3)
  6 orcs
  6 endoplasms
  4 giant cockroaches
  8 goblins
  7 hobgoblins
  3 jackals (D:1)
  3 quokkas
  15 ball pythons
  6 bats
  5 frilled lizards
  6 kobolds
  2 rats (D:1)
96 creatures vanquished.

Vanquished Creatures (others)
  6 plants
6 creatures vanquished.

Grand Total: 102 creatures vanquished

Notes
Turn   | Place    | Note
-------+----------+-------------------------------------------
     0 | D:1      | bande the Gargoyle Fighter began the quest for the Orb.
     0 | D:1      | Reached XP level 1. HP: 14/14 MP: 1/1
   286 | D:1      | Reached XP level 2. HP: 17/19 MP: 2/2
   671 | D:1      | Reached XP level 3. HP: 18/23 MP: 3/3
   817 | D:1      | Found Keydubur's Antique Weapon Emporium.
  1030 | D:2      | Reached XP level 4. HP: 26/29 MP: 4/4
  1632 | D:2      | Found Tidaedoi's Weapon Shop.
  1757 | D:3      | Noticed a water moccasin
  1779 | D:3      | Killed a water moccasin
  1780 | D:3      | Reached XP level 5. HP: 11/33 MP: 5/5
  2205 | D:3      | Noticed Natasha
  2213 | D:3      | Killed Natasha
  2310 | D:3      | Noticed Natasha
  2319 | D:3      | Killed Natasha
  2320 | D:3      | Reached XP level 6. HP: 38/38 MP: 6/6
  2360 | D:3      | Noticed Natasha
  2377 | D:3      | Killed Natasha
  3118 | D:4      | Found a radiant altar of Vehumet.
  3331 | D:4      | Found a staircase to the Ecumenical Temple.
  3527 | D:4      | Reached XP level 7. HP: 44/44 MP: 7/7
  3652 | D:5      | Entered Level 5 of the Dungeon
  3706 | D:5      | Found an ancient bone altar of Kikubaaqudgha.
  3823 | D:5      | Found an iron altar of Okawaru.
  3840 | D:5      | Became a worshipper of Warmaster Okawaru
  3850 | D:5      | Reached skill level 5 in Axes
  3850 | D:5      | Reached skill level 5 in Armour
  3850 | D:5      | Reached skill level 1 in Evocations
  3891 | D:5      | Reached skill level 1 in Invocations
  4133 | D:5      | Noticed a steam dragon
  4138 | D:5      | Killed a steam dragon
  4138 | D:5      | Reached * piety under Okawaru
  4139 | D:5      | Reached skill level 5 in Fighting
  4139 | D:5      | Reached XP level 8. HP: 49/49 MP: 7/9
  4258 | D:5      | Found a white marble altar of Elyvilon.
  4675 | D:6      | Found a sacrificial altar of Ru.
  4901 | D:6      | Noticed Blork the orc
  4915 | D:6      | Killed Blork the orc
  5252 | D:5      | Noticed a rust devil
  5252 | D:5      | Noticed a rust devil
  5273 | D:6      | Slain by a rust devil

Illustrated notes

Levels and vault maps discovered:
D:1:      ebering_trefoil_3fold, layout_loops_cross, serial_shops, shop
D:2:      layout_basic, serial_shops, nicolae_shop_bloodbath_and_beyond,
          hangedman_decor_lopped, grunt_decor_resistance, grunt_ministairs_8,
          minmay_shallow_snake_nest
D:3:      layout_loops_ring, uniq_natasha
D:4:      layout_loops_ring, vehumet_crystals, minmay_temple_entry_junction
D:5:      cheibrodos_iron_armory, layout_loops_ring,
          nicolae_elyvilon_temple_path, kiku_gazebo_garden_becter,
          okawaru_trees_1, minmay_misc_feat_roman, due_unseen_surprise
D:6:      layout_basic, lemuel_round_altar, minmay_misc_feat_cross,
          uniq_blork_the_orc

Skill      XL: |  1  2  3  4  5  6  7  8 |
---------------+-------------------------+-----
Axes           | 2 3 4 5 |  5.9
Shields        | 4 |  4.9
Fighting       | 4 5 |  5.1
Armour         | 4 5 |  5.4
Evocations     | 1 2 |  2.1
Invocations    | 1 2 |  2.1
Stealth        | |  0.4

Action                   |  1- 3 |  4- 6 |  7- 9 || total
-------------------------+-------+-------+-------++-------
Melee: War axe           |    95 |   153 |    93 ||   341
  Use: Scroll            |       |    10 |     2 ||    12
Armor: Scale mail        |    56 |    70 |       ||   126
       Chain mail        |       |    13 |    63 ||    76
Dodge: Dodged            |    65 |    92 |    22 ||   179
Block: Buckler           |    23 |    32 |    24 ||    79

Table legend: (Time is in decaauts)
 A = Elapsed time spent in this place.
 B = Non-inter-level travel time spent in this place.
 C = Inter-level travel time spent in this place.
 D = Time resting spent in this place.
 E = Time spent auto-exploring this place.
 F = Levels seen in this place.
 G = Mean time per level.
                   A        B        C        D        E       F      G
               +--------+--------+--------+--------+--------+-----+--------+
         Total |   5395 |   5371 |     24 |    641 |   3666 |   6 |  899.2 |
       Dungeon |   5395 |   5371 |     24 |    641 |   3666 |   6 |  899.2 |
               +--------+--------+--------+--------+--------+-----+--------+

Top non-repeatable levels by time:
     D:3: 1360 daAuts
     D:1: 960 daAuts
     D:5: 888 daAuts
     D:2: 804 daAuts
     D:6: 757 daAuts
     D:4: 624 daAuts
